 Dungeon Crawl Stone Soup version 0.23-a0-359-g9beedce (webtiles) character file.

18 NegaScott the Firebug (level 2, -1/36 HPs)
             Began as an Ogre Fire Elementalist on Oct 23, 2018.
             Slain by an ogre
             ... wielding a +0 giant club
              (7 damage)
             ... on level 2 of the Dungeon.
             The game lasted 00:02:38 (679 turns).

NegaScott the Firebug (Ogre Fire Elementalist)       Turns: 679, Time: 00:02:39

Health: -1/36      AC: 21    Str: 11    XL:     2   Next: 70%
Magic:  4/5        EV:  1    Int: 16    God:
Gold:   21         SH:  0    Dex:  9    Spells: 5/6 levels left

rFire    . . .     SeeInvis .   d - +0 spear
rCold    . . .     Gourm    .   (no shield)
rNeg     + + +     Faith    .   (armour currently unavailable)
rPois    +         Spirit   .   (helmet currently unavailable)
rElec    .         Reflect  .   (cloak currently unavailable)
rCorr    .         Harm     .   (gloves unavailable)
MR       .....     NoTele   +   (boots unavailable)
Stlth    +.........             (no amulet)
HPRegen  0.12/turn              (no ring)
MPRegen  0.09/turn              (no ring)

@: tree-form
A: large, unfitting armour
a: no special abilities


You were on level 2 of the Dungeon.
You were not hungry.
You were a tree.
You visited 1 branch of the dungeon, and saw 2 of its levels.

You collected 21 gold pieces.

Inventory:

Hand Weapons
 d - a +0 spear (weapon)
Armour
 a - a +0 robe (melded)
Jewellery
 f - an uncursed ring of stealth {unknown}
Comestibles
 c - 3 rations


   Skills:
 * Level 1.2 Polearms
 * Level 1.7 Dodging
 + Level 1.4 Stealth
 * Level 2.8 Spellcasting
 + Level 0.8 Conjurations
 + Level 3.0 Fire Magic


You had 5 spell levels left.
You knew the following spells:

 Your Spells              Type           Power        Failure   Level  Hunger
a - Flame Tongue          Conj/Fire      #....        9%          1    #......

Your spell library contained the following spells:

 Spells                   Type           Power        Failure   Level  Hunger
 Throw Flame              Conj/Fire      #.....       13%         2    ##.....
 Conjure Flame            Conj/Fire      #.......     26%         3    ###....
 Inner Flame              Hex/Fire       #.......     30%         3    ###....
 Sticky Flame             Conj/Fire      #.......     65%         4    #####..
 Fireball                 Conj/Fire      #.........   94%         5    ######.


Dungeon Overview and Level Annotations

Branches:
Dungeon (2/15)

Altars:


Innate Abilities, Weirdness & Mutations

You are too large for most types of armour.
((You have tough skin. (AC +1)))


Message History

A hobgoblin comes into view. It is wielding a +0 club.
You closely miss the bat.
The bat is severely wounded.
The hobgoblin shouts!
The bat hits you but does no damage. The hobgoblin barely misses you.
You barely miss the bat.
The bat is severely wounded.
The bat hits you.
* * * LOW HITPOINT WARNING * * *
The hobgoblin hits you but does no damage.
The bat hits you but does no damage.
You hit the bat.
You kill the bat!
The hobgoblin hits you but does no damage.
An adder comes into view.
The adder hisses angrily.
You hit the ogre.
The ogre is lightly wounded.
The ogre hits you with a +0 giant club!
You die... #<#.
S# .... .# #... .# #... g# #... ##.# #.r# #Sg

#..# #g# #... # #♣# ##.#
##.#.##O###### #.#
......wKr.O.r#########.#
##......r...............
............####........
###.........# #.#######
#..............# #
#........?###### #
#.........# #


You could see an ogre, 2 adders, a dart slug, a quokka, 2 hobgoblins, a goblin,
a kobold and a rat.

Vanquished Creatures
  A leopard gecko (D:1)
  4 goblins (D:1)
  2 hobgoblins (D:1)
  4 bats
  A frilled lizard (D:1)
  3 kobolds
  4 rats
19 creatures vanquished.

Notes
Turn   | Place    | Note
-------+----------+-------------------------------------------
     0 | D:1      | NegaScott the Ogre Fire Elementalist began the quest for
                  | the Orb.
     0 | D:1      | Reached XP level 1. HP: 16/16 MP: 3/3
   127 | D:1      | Reached XP level 2. HP: 12/24 MP: 1/5
   334 | D:1      | Reached skill level 1 in Polearms
   616 | D:2      | Reached skill level 3 in Fire Magic
   641 | D:2      | Noticed an ogre
   679 | D:2      | Slain by an ogre

Vault maps used:
D:1:      minmay_arrival_arboretum_small
D:2:      lemuel_blue_sif_altar

Skill      XL: |  1  2 |
---------------+-------+-----
Polearms       | 1 |  1.2
Fire Magic     | 3 |  3.0
Dodging        | |  1.7
Stealth        | |  1.4
Spellcasting   | |  2.8
Conjurations   | |  0.8

Action                   || total
-------------------------++-------
Melee: Unarmed           ||    12
       Spear             ||    15
 Cast: Flame Tongue      ||    24
  Use: Scroll            ||     2
       Potion            ||     1
Armor: Robe              ||     9
       Skin              ||    14
Dodge: Dodged            ||    25

Table legend:
 A = Non-vault XP
 B = Vault XP
 C = Vault XP percentage of total XP
 D = Non-vault monster count
 E = Vault monster count
 F = Vault count percentage of total count
                 A         B        C        D         E       F
            +---------+---------+-------+---------+---------+-------
      Total |      27 |       0 |   0.0 |      19 |       0 |   0.0
            +---------+---------+-------+---------+---------+-------
        D:1 |      23 |       0 |   0.0 |      15 |       0 |   0.0
        D:2 |       4 |       0 |   0.0 |       4 |       0 |   0.0
            +---------+---------+-------+---------+---------+-------
